 Dungeon Crawl Stone Soup version 0.31-a0-1522-g43313d8a59 (webtiles) character file.

Game seed: 9800807603124682834

1130 Flugkiller the Apothecary (level 8, 0/54 HPs)
             Began as an Octopode Alchemist on Dec 30, 2023.
             Was a Believer of Kikubaaqudgha.
             Slain by a quasit (2 damage)
             ... in a sewer.
             The game lasted 00:10:26 (2419 turns).

Flugkiller the Apothecary (Octopode Alchemist)      Turns: 2419, Time: 00:10:26

Health: 0/54       AC:  1    Str:  7    XL:     8   Next: 36%
Magic:  5/5        EV:  2    Int: 15    God:    Kikubaaqudgha [**....]
Gold:   262        SH:  0    Dex: -14 (13)Spells: 7/17 levels left

rFire   + . .        l - +5 trident "Dauwn" {antimagic, rPois rF+ Int-4 SInv}
rCold   + . .        (no shield)
rNeg    + . .        (helmet restricted)
rPois   +            (no amulet)
rElec   .            p - ring of protection from cold
rCorr   .            o - ring of wizardry
SInv    +            i - ring of see invisible
Will    .....        u - ring of positive energy Stlth
                     (no ring)
HPRegen 0.29/turn    (no ring)
MPRegen 0.09/turn    (no ring)
                     (no ring)

%: wizardry (x1)
@: slowed, lost dexterity, very slow
A: almost no armour, amphibious, 8 rings, camouflage 1, gelatinous body 1,
(nimble swimmer 1), tentacles
a: Renounce Religion, Unearth Wretches


You were in a sewer.
You worshipped Kikubaaqudgha.
Kikubaaqudgha was pleased with you.
You visited 2 branches of the dungeon, and saw 7 of its levels.
You also visited: Sewer.

You collected 262 gold pieces.

Inventory:

Hand Weapons
 c - a +2 sling of electrocution
   (You found it on level 1 of the Dungeon)
 l - the +5 trident "Dauwn" (weapon) {antimagic, rPois rF+ Int-4 SInv}
   (You found it on level 2 of the Dungeon)

   Int-4:     It affects your intelligence (-4).
   rF+:       It protects you from fire.
   rPois:     It protects you from poison SInv: It lets you see invisible.
Missiles
 s - a curare-tipped dart
Jewellery
 i - a ring of see invisible (on tentacle)
   (You found it on level 6 of the Dungeon)
 o - a ring of wizardry (right tentacle)
   (You found it on level 5 of the Dungeon)
 p - a ring of protection from cold (left tentacle)
   (You found it on level 1 of the Dungeon)
 u - a ring of positive energy (on tentacle)
   (You found it in a sewer)
Scrolls
 b - a scroll of revelation {unknown}
 f - a scroll of amnesia {unknown}
 j - a scroll of immolation {unknown}
 m - a scroll of fog
 q - a scroll of teleportation {unknown}
 r - a scroll of blinking {unknown}
Potions
 a - 2 potions of magic
 d - a potion of might
 h - a potion of lignification {unknown}
 k - 3 potions of attraction
 n - a potion of invisibility {unknown}
 t - a potion of mutation {unknown}


   Skills:
 + Level 3.8 Fighting
 - Level 1.5 Ranged Weapons
 - Level 2.0 Dodging
 - Level 2.6 Stealth
 + Level 5.0 Spellcasting
 - Level 1.0 Conjurations
 * Level 4.4 Necromancy
 - Level 6.3 Alchemy


You had 7 spell levels left.
You knew the following spells:

 Your Spells              Type           Power      Damage    Failure   Level
a - Sting                 Conj/Alch      56%        1d6       1%          1
b - Olgreb's Toxic Radia  Alch           22%        N/A       4%          4
c - Necrotise             Necr           64%        1d7       1%          1
d - Vampiric Draining     Necr           16%        2d7       3%          3
q - Apportation           Tloc           6%         N/A       6%          1

Your spell library contained the following spells:

 Spells                   Type           Power      Damage    Failure   Level
 Kiss of Death            Conj/Necr      44%        2d8       2%          1
 Cigotuvi's Dreadful Rot  Necr/Alch/Air  28%        N/A       2%          2
 Mercury Vapours          Alch/Air       26%        N/A       2%          2
 Fugue of the Fallen      Necr           16%        N/A       3%          3
 Shock                    Conj/Air       20%        1d4       5%          1
 Summon Small Mammal      Summ           12%        N/A       6%          1
 Mephitic Cloud           Conj/Alch/Air  11%        N/A       8%          3
 Sticky Flame             Fire/Alch      13%        2d5       17%         4
 Swiftness                Air            3%         N/A       19%         3
 Airstrike                Air            1%         2d(1-17)  52%         4


Dungeon Overview and Level Annotations

Branches:
Dungeon (6/15) Zot: 26498  Temple (1/1) D:4 Zot: 5991   Sewer (1/1) Zot: 5604

Altars:
Ashenzari
Cheibriados
Dithmenos
Gozag
Kikubaaqudgha
Makhleb
Nemelex Xobeh
Okawaru
Qazlal
Uskayaw
Zin

Shops:
D:3 [


Innate Abilities, Weirdness & Mutations

You cannot wear most types of armour.
You are amphibious.
You can wear up to eight rings at the same time.
Your skin changes colour to match your surroundings (Stealth+).
Your rubbery body absorbs attacks. (AC +1, EV +1)
((You are camouflaged when in or above water. (Stealth+)))
You have tentacles for arms and can constrict up to eight enemies at once.


Message History

The quasit is moderately wounded.
The quasit looks more healthy.
The quasit completely misses you.
The quasit claws you. x2; The quasit bites you.
* * * LOW HITPOINT WARNING * * *
The quasit claws you.
* * * LOW HITPOINT WARNING * * *
The quasit barely misses you. The quasit bites you.
* * * LOW HITPOINT WARNING * * *
You feel clumsy. The quasit claws you.
* * * LOW HITPOINT WARNING * * *
The quasit claws you.
* * * LOW HITPOINT WARNING * * *
Fire: c) +2 sling (elec)
Press: ? - help, Q - select action, (/) - cycle Shift-Dir - straight line, f/p - quasit
Aim: a quasit (moderately wounded, 7% to hit)
Okay, then.
It was a potion of curing.
You feel better. The quasit bites you.
* * * LOW HITPOINT WARNING * * *
You feel clumsy. The quasit claws you.
* * * LOW HITPOINT WARNING * * *
The quasit claws you.
* * * LOW HITPOINT WARNING * * *
The shadow imp laughs crazily.
The quasit bites you.
* * * LOW HITPOINT WARNING * * *
The quasit claws you.
* * * LOW HITPOINT WARNING * * *
You feel clumsy. The quasit claws you.
* * * LOW HITPOINT WARNING * * *
Okay, then.
It was a potion of heal wounds.
You feel much better.
The quasit bites you but does no damage.
The quasit claws you. x2
The quasit bites you but does no damage.
The quasit claws you. x2
You feel clumsy.
You aren't carrying any items that you can evoke.
Okay, then.
Your +2 sling of electrocution stops crackling.
You feel stupid.
You feel magic leave you.
l - the +5 trident "Dauwn" (weapon)
{antimagic, rPois rF+ Int-4 SInv} The quasit bites you.
The quasit claws you.
You feel clumsy.
The quasit claws you but does no damage.
You barely miss the quasit. Your grab misses the quasit.
Your squeeze misses the quasit.
The quasit is moderately wounded.
You kill the shadow imp!
Kikubaaqudgha accepts your kill. The quasit bites you. The quasit claws you.
The quasit barely misses you.
The quasit bites you but does no damage.
The quasit claws you. The quasit completely misses you.
You miss the quasit. Your grab misses the quasit.
The quasit is moderately wounded.
The quasit bites you.
The quasit claws you. x2; The quasit bites you.
The quasit claws you. x2
You feel clumsy. The quasit barely misses you. The quasit claws you.
* * * LOW HITPOINT WARNING * * *
You feel clumsy. The quasit claws you.
* * * LOW HITPOINT WARNING * * *
You puncture the quasit! Your grab misses the quasit.
Your squeeze misses the quasit.
The quasit is almost dead.
The quasit completely misses you. The quasit claws you.
* * * LOW HITPOINT WARNING * * *
The quasit barely misses you. The quasit bites you.
* * * LOW HITPOINT WARNING * * *
You feel clumsy. The quasit claws you.
* * * LOW HITPOINT WARNING * * *
You feel clumsy. The quasit claws you.
* * * LOW HITPOINT WARNING * * *
You feel clumsy.
Unknown command.
You barely miss the quasit. Your grab misses the quasit.
Your squeeze misses the quasit.
The quasit is almost dead.
The quasit bites you.
* * * LOW HITPOINT WARNING * * *
You feel clumsy. The quasit claws you.
* * * LOW HITPOINT WARNING * * *
The quasit claws you.
* * * LOW HITPOINT WARNING * * *
The quasit bites you but does no damage.
The quasit claws you.
* * * LOW HITPOINT WARNING * * *
You feel clumsy. The quasit claws you.
* * * LOW HITPOINT WARNING * * *
The quasit bites you.
You die...
Kikubaaqudgha rasps: "You have failed me!
Welcome... death!"

#≈.5J #~.5. #≈55.
#≈.5. ##'')##
#.....#########
..§.§..#≈~≈≈≈≈##
.......'.......###
.§)_.§.'......55@#
.......).......###
...§...#≈≈~~≈~##
##...##########
###'#########
≈#..)#≈≈~≈~~#
~....))~~~~~#
.#...#))....#
###†#######+#


You could see a quasit and a shadow imp.

Vanquished Creatures
  A steam dragon (D:6)
  Menkaure (D:5)
  A water moccasin (D:5)
  Duvessa (D:6)
  A centaur (D:6)
  A kobold brigand (Sewer)
  2 scorpions
  Dowan (D:6)
  A quasit (Sewer)
  A bombardier beetle (D:5)
  2 hounds
  An iguana (D:5)
  2 orc wizards (D:6)
  3 adders
  3 river rats (D:6)
  2 shadow imps
  A white imp (D:6)
  A dart slug (D:4)
  2 ribbon worms
  12 orcs
  3 bats
  4 endoplasms
  2 giant cockroaches
  8 hobgoblins
  7 jackals
  15 kobolds
  3 quokkas
  2 ball pythons (D:4)
  A frilled lizard (D:3)
  2 goblins (D:5)
  3 kobold zombies (Sewer)
  8 rats
98 creatures vanquished.

Notes
Turn   | Place    | Note
-------+----------+-------------------------------------------
     0 | D:1      | Flugkiller the Octopode Alchemist began the quest for the
                  | Orb.
     0 | D:1      | Reached XP level 1. HP: 11/11 MP: 3/3
   185 | D:1      | Reached XP level 2. HP: 17/17 MP: 5/5
   422 | D:3      | Reached skill level 4 in Alchemy
   459 | D:4      | Reached XP level 3. HP: 20/21 MP: 4/6
   466 | D:4      | Noticed a scorpion
   471 | D:4      | Killed a scorpion
   472 | D:4      | Reached XP level 4. HP: 27/27 MP: 3/8
   477 | D:4      | Learned a level 4 spell: Olgreb's Toxic Radiance
   536 | D:4      | Reached skill level 5 in Alchemy
   599 | D:4      | Found a staircase to the Ecumenical Temple.
   612 | Temple   | Entered the Ecumenical Temple
   616 | Temple   | Became a worshipper of Kikubaaqudgha
   753 | D:4      | Reached XP level 5. HP: 15/31 MP: 3/9
   843 | D:3      | Found Seuj's Antique Armour Shop.
   963 | D:3      | Found a burning altar of Makhleb.
  1072 | D:2      | Identified the +5 trident "Dauwn" {antimagic, rPois rF+
                  | Int-4 SInv}
  1217 | D:5      | Entered Level 5 of the Dungeon
  1217 | D:5      | Noticed Menkaure
  1223 | D:5      | Killed Menkaure
  1224 | D:5      | Reached skill level 6 in Alchemy
  1224 | D:5      | Reached XP level 6. HP: 10/36 MP: 9/11
  1324 | D:5      | Reached skill level 1 in Fighting
  1338 | D:5      | Learned a level 1 spell: Apportation
  1340 | D:5      | Learned a level 1 spell: Necrotise
  1397 | D:5      | Noticed a water moccasin
  1404 | D:5      | Killed a water moccasin
  1404 | D:5      | Reached * piety under Kikubaaqudgha
  1404 | D:5      | Received a gift from Kikubaaqudgha
  1405 | D:5      | Reached skill level 1 in Ranged Weapons
  1405 | D:5      | Reached XP level 7. HP: 17/45 MP: 10/13
  1414 | D:5      | Learned a level 3 spell: Vampiric Draining
  1524 | D:5      | Found an iron altar of Okawaru.
  1610 | D:6      | Reached skill level 1 in Necromancy
  1614 | D:6      | Noticed Duvessa
  1614 | D:6      | Noticed Dowan
  1638 | D:6      | Killed Duvessa
  1726 | D:6      | Killed Dowan
  1843 | D:6      | Noticed a steam dragon
  1853 | D:6      | Killed a steam dragon
  1854 | D:6      | Reached XP level 8. HP: 52/52 MP: 6/14
  1911 | D:6      | Found an opulent altar of Gozag.
  1921 | D:6      | Found a stormy altar of Qazlal.
  2039 | D:6      | Found a glowing drain.
  2051 | Sewer    | Entered a sewer
  2126 | Sewer    | Reached ** piety under Kikubaaqudgha
  2194 | Sewer    | Found a burning altar of Makhleb.
  2309 | Sewer    | Reached skill level 5 in Spellcasting
  2408 | Sewer    | Lost dexterity.
  2419 | Sewer    | HP: 2/54 [quasit (2)]
  2419 | Sewer    | Slain by a quasit

Illustrated notes

Levels and vault maps discovered:
D:1:      dpeg_arrival_ratfight, layout_basic, chequers_serial_rivers_large_b
D:2:      layout_loops_ring, uniq_natasha
D:3:      layout_loops_ring, bloody_makhleb, serial_shops,
          nicolae_shop_rolling_square
D:4:      layout_loops_cross, nzn_wu_jian_council_hall,
          minmay_temple_entry_junction
D:5:      layout_rooms, kennysheep_okawaru_gauntlet, uniq_menkaure
D:6:      layout_basic, gammafunk_temple_overflow_pools,
          lightli_sewer_entry_pipes, minmay_misc_feat_diagonals, uniq_duvessa,
          uniq_crazy_yiuf_cottage
Temple:   nicolae_temple_bog_church
Sewer:    kennysheep_sewer_church

Skill      XL: |  1  2  3  4  5  6  7  8 |
---------------+-------------------------+-----
Alchemy        | 4 5 6 |  6.3
Spellcasting   | 3 4 5 |  5.0
Fighting       | 2 3 |  3.8
Ranged Weapons | 1 |  1.5
Necromancy     | 3 4 |  4.4
Dodging        | |  2.0
Stealth        | |  2.6
Conjurations   | |  1.0

Action                     |  1- 3 |  4- 6 |  7- 9 || total
---------------------------+-------+-------+-------++-------
  Melee: Unarmed           |     9 |       |       ||     9
         Constrict         |     4 |     1 |       ||     5
         Sling             |       |     1 |       ||     1
         Tentacles         |       |     1 |       ||     1
         Trident           |       |       |     4 ||     4
   Fire: Sling             |    19 |    59 |   100 ||   178
   Cast: Sting             |    14 |    26 |    41 ||    81
         Apportation       |       |     2 |       ||     2
         Necrotise         |       |     1 |       ||     1
         Olgreb's Toxic Ra |       |       |    15 ||    15
         Vampiric Draining |       |       |     2 ||     2
    Use: Scroll            |       |     3 |       ||     3
         Potion            |       |     1 |     2 ||     3
 Armour: Skin              |     9 |    23 |   143 ||   175
  Dodge: Dodged            |    12 |    27 |   104 ||   143

Table legend: (Time is in decaauts)
 A = Elapsed time spent in this place.
 B = Non-inter-level travel time spent in this place.
 C = Inter-level travel time spent in this place.
 D = Time resting spent in this place.
 E = Time spent auto-exploring this place.
 F = Levels seen in this place.
 G = Mean time per level.
                   A        B        C        D        E       F      G
               +--------+--------+--------+--------+--------+-----+--------+
         Total |   2503 |   2350 |    153 |    157 |    624 |   8 |  312.9 |
       Dungeon |   2101 |   1948 |    153 |     43 |    520 |   6 |  350.2 |
        Temple |      8 |      8 |      0 |      0 |      0 |   1 |    8.0 |
         Sewer |    393 |    393 |      0 |    114 |    104 |   1 |  393.0 |
               +--------+--------+--------+--------+--------+-----+--------+

Top non-repeatable levels by time:
     D:6: 450 daAuts
     D:4: 443 daAuts
   Sewer: 393 daAuts
     D:5: 381 daAuts
     D:3: 367 daAuts
     D:1: 359 daAuts
     D:2: 99 daAuts
  Temple: 8 daAuts
